 Dungeon Crawl Stone Soup version 0.30-a0-459-g9104f0fc43 (webtiles) character file.

Game seed: 3455201406270046471

1272 funkygono the Firebug (level 8, -9/54 HPs)
             Began as a Demonspawn Fire Elementalist on Dec 15, 2022.
             Was an Initiate of Vehumet.
             Mangled by a mummy (15 damage)
             ... in an ossuary.
             The game lasted 00:10:48 (6243 turns).

funkygono the Firebug (DsFE)                        Turns: 6243, Time: 00:10:48

Health: -9/54      AC:  9    Str:  8    XL:     8   Next: 28%
Magic:  1/16       EV: 10    Int: 20    God:    Vehumet [......]
Gold:   250        SH:  0    Dex: 13    Spells: 8/18 levels left

rFire   . . .      SeeInvis .    u - +2 whip (elec)
rCold   . . .      Faith    .    (no shield)
rNeg    . . .      Spirit   .    E - +4 ring mail
rPois   .          Reflect  .    (helmet unavailable)
rElec   .          Harm     .    r - scarf {repulsion}
rCorr   +          Rampage  .    (no gloves)
Will    .....                    (no boots)
Stlth   +.........               o - amulet of the acrobat
HPRegen 0.29/turn                s - ring of resist corrosion
MPRegen 0.15/turn                (no ring)

@: repel missiles
A: hooves 1, horns 3, spiny 1
a: Renounce Religion


You were in an ossuary.
You worshipped Vehumet.
Vehumet was noncommittal.
You visited 2 branches of the dungeon, and saw 7 of its levels.
You also visited: Ossuary.

You collected 250 gold pieces.

Inventory:

Hand Weapons
 n - a +3 dagger
 u - a +2 whip of electrocution (weapon)
 y - a +0 long sword
Armour
 a - a +0 robe
 p - the +1 leather armour of Valiance {*Slow rPois rC- Int+4}
   (You found it on level 2 of the Dungeon)

   Int:       It affects your intelligence (+4).
   rC:        It makes you vulnerable to cold.
   rPois:     It protects you from poison.
   *Slow:     It may slow you when you take damage.
 r - a scarf of repulsion (worn)
 z - a +2 animal skin
 E - a +4 ring mail (worn)
Magical Staves
 e - a staff of earth
 B - a staff of air
Jewellery
 o - an amulet of the acrobat (around neck)
 s - a ring of resist corrosion (left hand)
Wands
 F - a wand of paralysis (8)
Scrolls
 f - 2 scrolls of torment {unknown}
 g - 2 scrolls of immolation {unknown}
 h - 2 scrolls of enchant armour {unknown}
 k - 3 scrolls of enchant weapon {unknown}
 l - 2 scrolls of teleportation {unknown}
 m - 3 scrolls of fear {unknown}
 q - 2 scrolls of blinking {unknown}
 t - 2 scrolls of identify {unknown}
 C - a scroll of amnesia {unknown}
 D - a scroll of magic mapping {unknown}
Potions
 c - a potion of resistance {unknown}
 d - 3 potions of mutation {unknown}
 i - a potion of berserk rage {unknown}
 j - 6 potions of curing {unknown}
 v - a potion of flight {unknown}
 w - a potion of brilliance {unknown}
 x - 3 potions of lignification {unknown}
 A - 3 potions of degeneration {unknown}


   Skills:
 + Level 1.1 Fighting
 + Level 0.9 Maces & Flails
 + Level 2.5 Armour
 + Level 2.7 Dodging
 - Level 1.7 Stealth
 + Level 5.7 Spellcasting
 + Level 3.6 Conjurations
 + Level 5.9 Fire Magic


You had 8 spell levels left.
You knew the following spells:

 Your Spells              Type           Power      Damage    Failure   Level
a - Foxfire               Conj/Fire      96%        2x1d8     4%          1
b - Scorch                Fire           58%        2d8       4%          2
c - Kindle Blastsparks    Fire/Tloc/Air  26%        2d12      38%         3
d - Flame Wave            Conj/Fire      24%        2d8       41%         4

Your spell library contained the following spells:

 Spells                   Type           Power      Damage    Failure   Level
 Inner Flame              Hex/Fire       17%        N/A       28%         3
 Ignite Poison            Fire/Tmut/Pois 13%        N/A       38%         3
 Sticky Flame             Conj/Fire      24%        2d5       41%         4
 Ignition                 Fire           14%        3d6       100%        8


Dungeon Overview and Level Annotations

Branches:
Dungeon (6/15)             Temple (1/1) D:4         Ossuary (1/1)

Altars:
Ashenzari
Cheibriados
Dithmenos
Gozag
Hepliaklqana
Makhleb
Nemelex Xobeh
Okawaru
Sif Muna
Uskayaw
Vehumet
Wu Jian
Yredelemnul

Annotations:
D:3 1 runed translucent door, Raultor's ghost, amateur OpTm
D:5 2 runed translucent doors


Innate Abilities, Weirdness & Mutations

You have large cloven feet.
You have a pair of large horns on your head.
You are partially covered in sharp spines.


Message History

The human zombie is almost destroyed.
The foxfire hits the mummy.
The mummy is lightly damaged.
The foxfire hits the human zombie.
The human zombie is almost destroyed.
The elf zombie is struck by your spines.
The elf zombie hits you but does no damage.
The human zombie is struck by your spines.
You destroy the human zombie!
Vehumet accepts your kill.
The human zombie is struck by your spines.
You destroy the human zombie!
Vehumet accepts your kill.
You hit the elf zombie.
You destroy the elf zombie!
Vehumet accepts your kill. The mummy is struck by your spines.
The mummy hits you but does no damage.
Unknown command.
Casting: Foxfire (safe; 4% risk of failure)
Confirm with . or Enter, or press ? or * to list all spells.
You don't have enough magic to cast this spell.
Casting: Foxfire (safe; 4% risk of failure)
Confirm with . or Enter, or press ? or * to list all spells.
You don't have enough magic to cast this spell.
Unknown command.
Okay, then.
You hit the mummy. You headbutt the mummy.
The mummy is severely damaged.
The mummy hits you but does no damage.
You hit the mummy but do no damage. You kick the mummy, but do no damage.
Your headbutt misses the mummy.
The mummy is severely damaged.
The mummy is struck by your spines. The mummy hits you!
* * * LOW HITPOINT WARNING * * *
The elf zombie is struck by your spines.
The elf zombie barely misses you. The mummy is struck by your spines.
The mummy hits you.
* * * LOW HITPOINT WARNING * * *
The mummy hits you!
You die...

...............
...............
...............
...............
...............
...............
......Z.M......
......M@.......
......M........
...............
...............
...............
...............
...............
...............


You could see 3 mummies and an elf zombie.

Vanquished Creatures
  Sigmund (D:3)
  A black bear (D:4)
  An ogre (D:5)
  An elf zombie (Ossuary)
  2 scorpions
  3 orc priests
  2 human zombies (Ossuary)
  Natasha (thrice) (D:3)
  2 iguanas (D:5)
  5 orc wizards
  2 hound zombies (Ossuary)
  Robin (D:3)
  A mummy (D:6)
  6 gnolls
  12 adders
  An ufetubus (D:4)
  A worm (D:4)
  3 dart slugs
  12 orcs
  2 bats
  14 endoplasms
  A giant cockroach (D:2)
  A gnoll zombie (Ossuary)
  10 goblins
  8 hobgoblins
  4 jackals
  6 kobolds
  6 quokkas
  9 ball pythons
  4 frilled lizards
  2 goblin zombies (Ossuary)
  An orc zombie (Ossuary)
  3 rats
  2 rat zombies (Ossuary)
133 creatures vanquished.

Vanquished Creatures (others)
  390 foxfires
390 creatures vanquished.

Grand Total: 523 creatures vanquished

Notes
Turn   | Place    | Note
-------+----------+-------------------------------------------
     0 | D:1      | funkygono the Demonspawn Fire Elementalist began the quest
                  | for the Orb.
     0 | D:1      | Reached XP level 1. HP: 13/13 MP: 3/3
   194 | D:1      | Discovered your monstrous ancestry.
   194 | D:1      | Gained mutation: You have a pair of small horns on your
                  | head. [demonic ancestry]
   194 | D:1      | Reached XP level 2. HP: 15/19 MP: 0/5
   595 | D:1      | Learned a level 2 spell: Scorch
   945 | D:2      | Gained mutation: You are partially covered in sharp spines.
                  | [demonic ancestry]
   945 | D:2      | Reached XP level 3. HP: 24/24 MP: 2/6
  1787 | D:2      | Gained mutation: You have a pair of horns on your head.
                  | [demonic ancestry]
  1787 | D:2      | Reached XP level 4. HP: 25/30 MP: 1/7
  2184 | D:2      | Identified the +1 leather armour of Valiance {*Slow rPois
                  | rC- Int+4}
  2464 | D:3      | Noticed Sigmund
  2470 | D:3      | Killed Sigmund
  2471 | D:3      | Reached XP level 5. HP: 22/36 MP: 1/10
  2471 | D:3      | Reached XP level 6. HP: 26/42 MP: 1/11
  2556 | D:3      | Noticed Raultor's ghost (amateur OpTm)
  2557 | D:3      | Found a runed translucent door.
  2689 | D:3      | Found a burning altar of Makhleb.
  2963 | D:3      | Noticed Natasha
  2967 | D:3      | Killed Natasha
  3297 | D:3      | Found a hazy altar of Hepliaklqana.
  3346 | D:3      | Noticed Natasha
  3351 | D:3      | Killed Natasha
  3461 | D:3      | Noticed Natasha
  3466 | D:3      | Killed Natasha
  3467 | D:3      | Reached skill level 1 in Armour
  3550 | D:3      | Noticed Robin
  3560 | D:3      | Killed Robin
  3800 | D:3      | Reached skill level 5 in Fire Magic
  3800 | D:3      | Gained mutation: You have large cloven feet. [demonic
                  | ancestry]
  3800 | D:3      | Reached XP level 7. HP: 31/47 MP: 1/13
  4063 | D:4      | Reached skill level 1 in Fighting
  4275 | D:4      | Found a staircase to the Ecumenical Temple.
  4281 | Temple   | Entered the Ecumenical Temple
  4290 | Temple   | Became a worshipper of Vehumet
  4775 | D:4      | Found a hide-covered altar of Uskayaw.
  4898 | D:4      | Found a sparkling altar of Nemelex Xobeh.
  5069 | D:4      | Learned a level 4 spell: Flame Wave
  5073 | D:4      | Learned a level 3 spell: Kindle Blastsparks
  5087 | D:5      | Entered Level 5 of the Dungeon
  5328 | D:5      | Reached skill level 5 in Spellcasting
  5578 | D:5      | Found a large runed translucent door.
  5579 | D:5      | Found a large runed translucent door.
  5735 | D:5      | Gained mutation: You have a pair of large horns on your
                  | head. [demonic ancestry]
  5735 | D:5      | Reached XP level 8. HP: 54/54 MP: 4/15
  6208 | D:6      | Found a sand-covered staircase.
  6218 | Ossuary  | Entered an ossuary
  6243 | Ossuary  | Mangled by a mummy

Illustrated notes

Levels and vault maps discovered:
D:1:      spicycebolla_arrival_xxxplode, layout_rooms
D:2:      layout_loops_corners
D:3:      layout_basic, nicolae_hepliaklqana_hippocampus, amcnicky_altar_gilded,
          hellmonk_ghost_happy_afterlife, uniq_natasha, uniq_robin, uniq_sigmund
D:4:      layout_loops_ring, nemelex_dance_club_becter,
          nicolae_uskayaw_dance_hall, minmay_temple_entry_wispy
D:5:      layout_cave_pods, elyvilon_altar_1, jmf_multi_god_temple2
D:6:      layout_loops_ring, serial_shops, nicolae_shop_crystal,
          gup_ossuary_entry_pyramid, kennysheep_pointless_box
Temple:   eino_temple_lava
Ossuary:  ossuary_minmay_tomb_2a

Skill      XL: |  1  2  3  4  5  6  7 |
---------------+----------------------+-----
Dodging        | 2 |  2.7
Fire Magic     | 3 4 5 |  5.9
Spellcasting   | 3 4 5 |  5.7
Conjurations   | 2 3 |  3.6
Armour         | 1 2 |  2.5
Fighting       | 1 |  1.1
Maces & Flails | |  0.9
Stealth        | |  1.7

Action                   |  1- 3 |  4- 6 |  7- 9 || total
-------------------------+-------+-------+-------++-------
Melee: Staff             |     9 |       |       ||     9
       Whip              |       |     5 |     9 ||    14
       Headbutt          |       |     1 |     1 ||     2
       Kick              |       |       |     4 ||     4
 Cast: Foxfire           |    63 |    76 |    89 ||   228
       Scorch            |     3 |    24 |    29 ||    56
  Use: Potion            |       |       |     1 ||     1
Armor: Robe              |     1 |       |       ||     1
       Leather armour    |       |     6 |     2 ||     8
       Ring mail         |       |       |    33 ||    33
Dodge: Dodged            |    10 |    22 |    31 ||    63
       Repelled          |       |       |     1 ||     1

Table legend: (Time is in decaauts)
 A = Elapsed time spent in this place.
 B = Non-inter-level travel time spent in this place.
 C = Inter-level travel time spent in this place.
 D = Time resting spent in this place.
 E = Time spent auto-exploring this place.
 F = Levels seen in this place.
 G = Mean time per level.
                   A        B        C        D        E       F      G
               +--------+--------+--------+--------+--------+-----+--------+
         Total |   6255 |   6132 |    123 |    395 |   4829 |   8 |  781.9 |
       Dungeon |   6145 |   6030 |    115 |    395 |   4762 |   6 | 1024.2 |
        Temple |     84 |     77 |      7 |      0 |     67 |   1 |   84.0 |
       Ossuary |     24 |     24 |      0 |      0 |      0 |   1 |   24.0 |
               +--------+--------+--------+--------+--------+-----+--------+

Top non-repeatable levels by time:
     D:3: 1591 daAuts
     D:2: 1293 daAuts
     D:1: 1088 daAuts
     D:4: 1041 daAuts
     D:5: 1032 daAuts
     D:6: 97 daAuts
  Temple: 84 daAuts
 Ossuary: 24 daAuts
